 Dungeon Crawl Stone Soup version 0.29-a0-330-g52719c12eb (webtiles) character file.

Game seed: 2954803280431825815

83 Anon1729 the Ducker (level 4, -20/31 HPs)
             Began as a Djinni Enchanter on Apr 16, 2022.
             Demolished by an ice beast (21 damage)
             ... on level 3 of the Dungeon.
             The game lasted 00:02:31 (2764 turns).

Anon1729 the Ducker (Djinni Enchanter)              Turns: 2764, Time: 00:02:31

Health: -20/31     AC:  2    Str:  7    XL:     4   Next: 71%
Gold:   58         EV: 13    Int: 19    God:
                   SH:  0    Dex: 13

rFire   + + .      SeeInvis .   p - +2 dagger (venom)
rCold   x . .      Faith    .   (no shield)
rNeg    . . .      Spirit   .   b - +0 robe
rPois   ∞          Reflect  .   (no helmet)
rElec   .          Harm     .   (no cloak)
rCorr   .          Rampage  .   (no gloves)
Will    .....                   (boots unavailable)
Stlth   ++........              (no amulet)
HPRegen 0.10/turn               (no ring)
MPRegen 0.00/turn               (no ring)

@: confusing by touch, flying, invisible
A: sickness immunity, fire resistance 2, cold vulnerability 1, float, innate
caster, HP casting, extra vitality 1
a: no special abilities


You were on level 3 of the Dungeon.
You visited 1 branch of the dungeon, and saw 3 of its levels.

You collected 58 gold pieces.

Inventory:

Hand Weapons
 p - a +2 dagger of venom (weapon)
Armour
 b - a +0 robe (worn)
Scrolls
 f - 2 scrolls of teleportation {unknown}
 g - a scroll of identify {unknown}
 i - a scroll of acquirement {unknown}
 j - 2 scrolls of noise {unknown}
 k - 3 scrolls of enchant armour {unknown}
 o - 3 scrolls of blinking {unknown}
Potions
 a - a potion of ambrosia {unknown}
 c - a potion of invisibility
 e - a potion of berserk rage {unknown}
 h - 2 potions of might {unknown}
 l - a potion of degeneration {unknown}
 m - a potion of attraction {unknown}
 n - 2 potions of curing {unknown}


   Skills:
 + Level 1.9 Short Blades
 + Level 3.1 Dodging
 + Level 3.0 Stealth
 * Level 2.9 Spellcasting


You couldn't memorise any spells.
You knew the following spells:

 Your Spells              Type           Power      Damage    Failure   Level
a - Ensorcelled Hibernat  Hex/Ice        26%        N/A       7%          2
b - Confusing Touch       Hex            13%        N/A       14%         3
c - Tukima's Dance        Hex            13%        N/A       14%         3
d - Dazzling Flash        Conj/Hex       26%        N/A       14%         3
e - Beastly Appendage     Tmut           26%        N/A       4%          1
Your spell library was empty.

Dungeon Overview and Level Annotations

Branches:
Dungeon (3/15)

Altars:
Xom


Innate Abilities, Weirdness & Mutations

You are immune to sickness and miasma.
You are immune to poison.
Your flesh is very heat resistant. (rF++)
You are vulnerable to cold. (rC-)
You float through the air rather than walking.
You learn spells naturally, not from books.
Your magical power is your life essence.
You have superior vitality. (+4 MHP)


Message History

The bush is almost destroyed.
You hit the bush but do no damage.
The bush is almost destroyed.
You hit the bush but do no damage.
The bush is almost destroyed.
You hit the bush but do no damage.
The bush is almost destroyed.
You destroy the bush!
Done exploring.
(D) Dungeon
Where to? (Enter - D:2 @ (x,y), ? - help)
There is a stone staircase leading down here.
You fly downwards.
There is a stone staircase leading up here.
Found a ring mail.
A frilled lizard and an ice beast come into view.
There are monsters nearby!
There are monsters nearby!
Casting: Ensorcelled Hibernation (safe; 7% risk of failure)
Confirm with . or Enter, or press ? or * to list all spells.
The spell is quite dangerous to miscast (14% risk of failure)!
Continue anyway?
Your hands begin to glow red.
The frilled lizard hisses angrily.
You hit the ice beast but do no damage. You barely miss the ice beast.
The ice beast hits you but does no damage.
You hit the ice beast but do no damage. The ice beast hits you.
The ice beast freezes you!
You feel a terrible chill!
You barely miss the ice beast. The ice beast hits you.
The ice beast freezes you!
You feel a terrible chill!
* * * LOW HITPOINT WARNING * * *
You barely miss the ice beast.
The ice beast hits you but does no damage.
You fade into invisibility!
The ice beast closely misses you.
You hit the ice beast but do no damage. The ice beast hits you.
* * * LOW HITPOINT WARNING * * *
The ice beast freezes you!!
You feel a terrible chill!
Ouch! That really hurt!
You die...

#### ## #.. .. #.#
##.###.####
#..lY.....#########..
#..##@.[............#
#........###.########
#.###..#.#
#.######### #..#.#
#...<...... #$.#.#
########### ...#.#
##.##.# ..##.# ## .#


You could see an ice beast (can't see you) and a frilled lizard (can't see you).

Vanquished Creatures
  3 adders (D:2)
  2 worms (D:2)
  A dart slug (D:2)
  6 ball pythons
  3 bats
  7 endoplasms
  2 giant cockroaches
  4 goblins (D:1)
  2 hobgoblins
  2 kobolds
  3 quokkas (D:2)
  6 frilled lizards
  7 rats
  2 bushes (D:2)
50 creatures vanquished.

Vanquished Creatures (others)
  A plant (D:2)
1 creature vanquished.

Grand Total: 51 creatures vanquished

Notes
Turn   | Place    | Note
-------+----------+-------------------------------------------
     0 | D:1      | Anon1729 the Djinni Enchanter began the quest for the Orb.
     0 | D:1      | Reached XP level 1. HP: 15/15 MP: 0/0
   190 | D:1      | Reached skill level 1 in Short Blades
   284 | D:1      | You are sucked into a shaft and drop 1 floor!
   297 | D:2      | Found a shimmering altar of Xom.
   348 | D:2      | Reached XP level 2. HP: 20/21 MP: 0/0
   706 | D:2      | Reached XP level 3. HP: 16/25 MP: 0/0
   706 | D:2      | Learned a level 1 spell: Beastly Appendage
  1271 | D:2      | Reached XP level 4. HP: 31/31 MP: 0/0
  2275 | D:1      | Found a faded altar of an unknown god.
  2753 | D:3      | Noticed an ice beast
  2764 | D:3      | HP: 1/31 [ice beast (2)]
  2764 | D:3      | Demolished by an ice beast

Illustrated notes

Levels and vault maps discovered:
D:1:      minmay_arrival_checkered_box, layout_loops_ring,
          chequers_ecumenical_altar_island
D:2:      layout_rooms, basic_altar, serial_forest,
          infiniplex_forest_straight_5, infiniplex_forest_corner_1,
          infiniplex_forest_corner_2, infiniplex_forest_end_double,
          infiniplex_forest_pool, infiniplex_forest_straight_5,
          infiniplex_forest_lined_room_2, infiniplex_forest_3_way
D:3:      layout_loops_ring, nemelex_spade_bored_becter, serial_shops,
          nicolae_shop_waterfront, uniq_terence

Skill      XL: |  1  2  3  4 |
---------------+-------------+-----
Short Blades   | 1 |  1.9
Dodging        | 3 |  3.1
Stealth        | 3 |  3.0
Spellcasting   | |  2.9

Action                   |  1- 3 |  4- 6 || total
-------------------------+-------+-------++-------
Melee: Dagger            |    74 |   149 ||   223
       Punch             |     1 |     1 ||     2
 Cast: Ensorcelled Hiber |     3 |       ||     3
       Confusing Touch   |       |     1 ||     1
  Use: Potion            |       |     1 ||     1
 Stab: Sleeping          |     7 |     7 ||    14
Armor: Robe              |    10 |    15 ||    25
Dodge: Dodged            |    39 |    26 ||    65

Table legend: (Time is in decaauts)
 A = Elapsed time spent in this place.
 B = Non-inter-level travel time spent in this place.
 C = Inter-level travel time spent in this place.
 D = Time resting spent in this place.
 E = Time spent auto-exploring this place.
 F = Levels seen in this place.
 G = Mean time per level.
                   A        B        C        D        E       F      G
               +--------+--------+--------+--------+--------+-----+--------+
         Total |   2744 |   2656 |     88 |     33 |   2204 |   3 |  914.7 |
       Dungeon |   2744 |   2656 |     88 |     33 |   2204 |   3 |  914.7 |
               +--------+--------+--------+--------+--------+-----+--------+

Top non-repeatable levels by time:
     D:1: 1457 daAuts
     D:2: 1263 daAuts
     D:3: 24 daAuts
